 Dungeon Crawl Stone Soup version 0.16-a0-4111-gf762223 (webtiles) character file.

146 dithyrambik the Conjurer (level 5, 0/28 HPs)
             Began as a Gargoyle Wizard on Feb 26, 2015.
             Slain by an orc wizard
             ... wielding a +0 scimitar
              (3 damage)
             ... on level 3 of the Dungeon.
             The game lasted 00:16:16 (4051 turns).

dithyrambik the Conjurer (Gargoyle Wizard)          Turns: 4051, Time: 00:16:16

Health: 0/28       AC: 15    Str:  9    XL:     5   Next: 28%
Magic:  11/11      EV:  0    Int: 24    God:
Gold:   116        SH:  0    Dex:  8    Spells: 4 memorised, 2 levels left

rFire  . . .     SeeInvis .     w - +0 mace (drain)
rCold  . . .     Clarity  .     q - +0 plate armour (curse)
rNeg   + . .     SustAb   .     (no shield)
rPois  ∞         Gourm    .     b - +1 hat
rElec  +         Spirit   .     (no cloak)
rCorr  .         Warding  .     (no gloves)
rMut   .         Stasis   .     (no boots)
MR     .....                    (no amulet)
Stlth  ..........               (no ring)
                                (no ring)

@: brilliant, not resistant to hostile enchantments, extremely unstealthy
A: hooves 1, negative energy resistance 1, electricity resistance, weak 1,
unbreathing, petrification resistance, rot immunity, forlorn, AC +4
a: no special abilities


You were on level 3 of the Dungeon.
You were not hungry.

You visited 1 branch of the dungeon, and saw 3 of its levels.

You collected 116 gold pieces.

Inventory:

Hand weapons
 e - a +0 dagger
 k - a +0 club
 r - a +0 whip
 w - a +0 mace of draining (weapon)
 x - a +0 morningstar
Armour
 a - a +0 robe
 b - a +1 hat (worn)
 f - a +0 hat
 q - a cursed +0 plate armour (worn)
Scrolls
 g - 3 scrolls of identify
 h - a scroll of enchant armour
 l - a scroll of recharging
Potions
 i - a potion of curing
 u - a potion of cure mutation {unknown}
Books
 c - a book of Minor Magic

   Spells                             Type                      Level
   a - Magic Dart                     Conjuration                  1
   b - Blink                          Translocation                2
   c - Call Imp                       Summoning                    2
   d - Repel Missiles                 Charms/Air                   2
   e - Slow                           Hexes                        2
   f - Conjure Flame                  Conjuration/Fire             3
   g - Mephitic Cloud                 Conjuration/Poison/Air       3
Comestibles
 d - 4 bread rations
 v - a chunk of flesh


   Skills:
 - Level 1.5 Dodging
 - Level 2.1 Stealth
 - Level 3.0 Spellcasting
 + Level 3.7 Conjurations
 + Level 2.6 Summonings
 - Level 0.8 Translocations
 + Level 1.8 Poison Magic


You had 2 spell levels left.
You knew the following spells:

 Your Spells              Type           Power        Failure   Level  Hunger
a - Magic Dart            Conj           ####         97%         1    None
b - Blink                 Tloc           N/A          100%        2    ##.....
c - Call Imp              Summ           ####....     99%         2    ##.....
d - Mephitic Cloud        Conj/Pois/Air  ####....     100%        3    ###....


Dungeon Overview and Level Annotations

Branches:
Dungeon (3/15)

Altars:


Innate Abilities, Weirdness & Mutations

You are resistant to torment.
You are immune to poison.
Your stone body is very resilient (AC +4).
You resist negative energy.
You are resistant to electric shocks.
You can survive without breathing.
You are immune to petrification.
You are immune to rotting.
You have large cloven feet.
You are weak. (Str -2)
You have difficulty communicating with the divine.


Message History

You closely miss the orc wizard. The bat hits you but does no damage.
The orc wizard hits you but does no damage.
Your plate armour prevents you from hitting the orc wizard.
The orc wizard hits you with a scimitar.
* * * LOW HITPOINT WARNING * * *
The bat hits you but does no damage.
A goblin comes into view. It is wielding a dagger.
Drink which item? (? for menu, Esc to quit)
It was a potion of brilliance.
You feel clever all of a sudden.
The goblin shouts!
The bat completely misses you.
The orc wizard mumbles some strange words.
The orc wizard flickers and vanishes!
Deactivating autopickup; reactivate with Ctrl-A.
Drink which item? (? for menu, Esc to quit)
It was a potion of mutation.
You feel extremely strange.
You feel weaker.
Your feet thicken and deform.
You feel forlorn. The bat hits you but does no damage. Something hits you.
You die...

**..,,***,,,,,,,,.####
*#.*,* **,,,,,,,** *#
*..,,* **,,,,,** *#.
*#.*** **,,,** #.. #.*
**'** #.. ####g####
***,*** *.. #......b#
*,,,,,* **, #.....†.#
*,*,*,* **
#.....@)#***,,,,,* *
#......{.......,,******
#.......#.....,,,,,,,,,
#.......#....#,*,******
#.......#*##..,,,*
######### *******


You could see a goblin and a bat.

Vanquished Creatures
  An orc priest (D:3)
  An orc wizard (D:3)
  2 adders (D:3)
  2 giant mites
  A giant gecko (D:3)
  3 orcs (D:3)
  4 giant cockroaches
  6 hobgoblins
  9 kobolds
  A quokka (D:3)
  4 bats
  2 giant newts (D:3)
  8 goblins
  5 rats
49 creatures vanquished.

Vanquished Creatures (collateral kills)
  2 worms
  7 orcs (D:3)
9 creatures vanquished.

Vanquished Creatures (others)
  A crimson imp (D:3)
  An iron imp (D:3)
  A white imp (D:3)
3 creatures vanquished.

Grand Total: 61 creatures vanquished

Notes
Turn   | Place    | Note
--------------------------------------------------------------
     0 | D:1      | dithyrambik, the Gargoyle Wizard, began the quest for the Orb.
     0 | D:1      | Reached XP level 1. HP: 10/10 MP: 4/4
   642 | D:1      | Reached XP level 2. HP: 15/15 MP: 1/6
   646 | D:1      | Learned a level 2 spell: Blink
   733 | D:1      | Learned a level 2 spell: Call Imp
  1396 | D:2      | Reached skill level 1 in Summonings
  2014 | D:2      | Reached XP level 3. HP: 16/19 MP: 2/7
  2026 | D:2      | Learned a level 3 spell: Mephitic Cloud
  2721 | D:3      | Reached XP level 4. HP: 24/24 MP: 1/9
  3049 | D:3      | Reached skill level 1 in Poison Magic
  4036 | D:3      | Reached XP level 5. HP: 12/28 MP: 11/11
  4051 | D:3      | Gained mutation: You are weak. (Str -2) [potion of mutation]
  4051 | D:3      | Gained mutation: You have large cloven feet. [potion of mutation]
  4051 | D:3      | Gained mutation: You have difficulty communicating with the divine. [potion of mutation]
  4051 | D:3      | Slain by an orc wizard

Action                   |  1- 3 |  4- 6 || total
-------------------------+-------+-------++-------
Melee: Unarmed           |     8 |       ||     8
       Dagger            |    10 |       ||    10
       Whip              |     2 |     4 ||     6
       Mace              |       |    37 ||    37
 Cast: Magic Dart        |    75 |    33 ||   108
       Call Imp          |     3 |    13 ||    16
       Blink             |     2 |       ||     2
  Use: Scroll            |     1 |     6 ||     7
       Potion            |       |     3 ||     3
  Eat: Chunk             |     5 |     5 ||    10
